 Dungeon Sprint DCSS version 0.21.1-1-g345015f (webtiles) character file.

4 wilfster70 the Digger (level 1, -1/12 HPs)
             Began as a Gargoyle Earth Elementalist on June 6, 2018.
             Slain by an adder (3 damage)
             ... in the Dungeon (Sprint IX: "|||||||||||||||||||||||||||||").
             The game lasted 00:00:59 (212 turns).

wilfster70 the Digger (Gargoyle Earth Elementalist)  Turns: 212, Time: 00:01:00

Health: -1/12      AC:  4    Str: 11    XL:     1   Next: 70%
Magic:  2/3        EV: 12    Int: 15    God:
Gold:   0          SH:  0    Dex: 10    Spells: 3/4 levels left

rFire    . . .     SeeInvis .   l - +0 club
rCold    . . .     Gourm    .   (no shield)
rNeg     + . .     Faith    .   c - +0 robe
rPois    ∞         Spirit   .   (no helmet)
rElec    +         Reflect  .   (no cloak)
rCorr    .         Harm     .   (no gloves)
MR       .....     NoTele   +   (no boots)
Stlth    ++........             (no amulet)
HPRegen  0.04/turn              (no ring)
MPRegen  0.08/turn              (no ring)

@: no status effects
A: negative energy resistance 1, electricity resistance, unbreathing,
petrification resistance, rot immunity, AC +2
a: no special abilities


You were in the Dungeon.
You were not hungry.

You visited 1 branch

Inventory:

Hand Weapons
 l - a +0 club (weapon)
Missiles
 b - 24 stones (quivered)
Armour
 c - a +0 robe (worn)
Scrolls
 j - a scroll of blinking
Potions
 e - a potion of curing
 f - a potion of heal wounds
 g - a potion of haste
 h - 2 potions of magic
 i - a potion of berserk rage
Books
 k - a book of Geomancy

   Spells                             Type                      Level
   a - Sandblast                      Earth                        1
   b - Passwall                       Transmutation/Earth          2
   c - Stone Arrow                    Conjuration/Earth            3
   d - Petrify                        Transmutation/Earth          4
   e - Lee's Rapid Deconstruction     Earth                        5
Comestibles
 a - 6 chunks of flesh
 d - a ration


   Skills:
 + Level 1.4 Fighting
 + Level 1.5 Armour
 + Level 2.0 Dodging
 - Level 2.1 Stealth
 + Level 1.3 Unarmed Combat
 - Level 2.0 Spellcasting
   Level 0.7 Transmutations
 - Level 3.6 Earth Magic


You had 3 spell levels left.
You knew the following spells:

 Your Spells              Type           Power        Failure   Level  Hunger
a - Sandblast             Erth           ##....       4%          1    #......


Dungeon Overview and Level Annotations

Branches:
Dungeon (1/1)

Altars:


Innate Abilities, Weirdness & Mutations

You are resistant to torment.
Your stone body is resilient. (AC +2)
You are immune to poison.
You resist negative energy. (rN+)
You are resistant to electric shocks. (rElec)
You can survive without breathing.
You are immune to petrification.
You are immune to rotting.


Message History

The crimson imp hits you but does no damage.
The crimson imp barely misses you.
You hit the crimson imp.
The crimson imp is lightly wounded.
The crimson imp barely misses you.
You barely miss the crimson imp.
The crimson imp is lightly wounded.
The crimson imp closely misses you.
You miss the crimson imp.
The crimson imp blinks!
Your magical contamination has completely faded away.
You barely miss the adder. The adder barely misses you. x2
You hit the adder but do no damage. The adder barely misses you.
The crimson imp blinks!
The adder closely misses you.
You hit the adder.
The adder is moderately wounded.
The adder closely misses you.
You closely miss the adder.
The adder is moderately wounded.
The adder bites you but does no damage. The adder bites you.
You die... ▓▓▓▓▓▓▓▓▓▓▓▓▓▓▓▓▓▓ ▓<...'...5@SrSY..+ ▓▓▓▓▓▓▓▓▓▓▓▓▓▓▓▓▓▓

You could see an ice beast, a crimson imp, 2 adders and a quokka.

Vanquished Creatures
  A hobgoblin (D)
  2 bats (D)
  2 frilled lizards (D)
5 creatures vanquished.

Notes
Turn   | Place    | Note
-------+----------+-------------------------------------------
     0 | D        | wilfster70 the Gargoyle Earth Elementalist began the quest for the Orb.
     0 | D        | Reached XP level 1. HP: 10/10 MP: 3/3
    27 | D        | Reached skill level 1 in Fighting
    27 | D        | Reached skill level 1 in Armour
    28 | D        | Reached skill level 1 in Unarmed Combat
   187 | D        | Noticed a crimson imp
   187 | D        | Noticed an ice beast
   212 | D        | Slain by an adder

Skill      XL: |  1 |
---------------+----+-----
Fighting       | 1 |  1.4
Armour         | 1 |  1.5
Dodging        | 2 |  2.0
Unarmed Combat | 1 |  1.3
Stealth        | |  2.1
Spellcasting   | |  2.0
Transmutations | |  0.7
Earth Magic    | |  3.6

Action                   || total
-------------------------++-------
Melee: Unarmed           ||    26
       Club              ||    22
 Cast: Sandblast         ||     6
Armor: Robe              ||    20
Dodge: Dodged            ||    39
